 Dungeon Crawl Stone Soup version 0.23.2-1-ga50397a (webtiles) character file.

Game seed: 8660725313127410340

2405 davaitedunem the Basher (level 9, 0/80 HPs)
             Began as a Troll Fighter on Apr 29, 2019.
             Was an Initiate of Makhleb.
             Slain by an ice devil (6 damage)
             ... summoned by a kobold demonologist
             ... on level 7 of the Dungeon.
             The game lasted 00:33:28 (6221 turns).

davaitedunem the Basher (Troll Fighter)             Turns: 6221, Time: 00:33:29

Health: 0/80       AC:  7    Str: 38    XL:     9   Next: 23%
Magic:  8/8        EV: 13    Int:  4    God:    Makhleb [......]
Gold:   443        SH: 10    Dex: 14    Spells: 8/8 levels left

rFire    . . .     SeeInvis .   K - +0 morningstar
rCold    . . .     Gourm    +   c - +0 shield
rNeg     . . .     Faith    .   b - +0 robe
rPois    +         Spirit   .   a - +1 hat
rElec    .         Reflect  .   (no cloak)
rCorr    .         Harm     .   (gloves unavailable)
MR       .....                  (boots unavailable)
Stlth    ++........             r - amulet of the acrobat
HPRegen  0.63/turn              D - ring of poison resistance
MPRegen  0.11/turn              B - +4 ring of strength

@: mighty, agile
A: large, unfitting armour, claws 3, fast metabolism 3, gourmand, regeneration
1, shaggy fur 1, tough skin 3
a: Renounce Religion


You were on level 7 of the Dungeon.
You worshipped Makhleb.
Makhleb was noncommittal.
You were full.

You visited 1 branch of the dungeon, and saw 7 of its levels.

You collected 443 gold pieces.

Inventory:

Hand Weapons
 K - a +0 morningstar (weapon)
Missiles
 q - 3 tomahawks (quivered)
Armour
 a - a +1 hat (worn)
 b - a +0 robe (worn)
 c - a +0 shield (worn)
Jewellery
 r - an amulet of the acrobat (around neck)
 s - an uncursed ring of positive energy
 y - an uncursed amulet of rage {unknown}
 B - a +4 ring of strength (right claw)
 C - an uncursed amulet of the gourmand {unknown}
 D - a ring of poison resistance (left claw)
Wands
 v - a wand of acid (12)
 F - a wand of enslavement (3)
 L - a wand of disintegration (16)
 M - a wand of paralysis (14)
Scrolls
 e - 7 scrolls of teleportation
 k - a scroll of enchant armour {unknown}
 l - 2 scrolls of noise {unknown}
 n - a scroll of enchant weapon {unknown}
 t - a scroll of blinking {unknown}
 x - a scroll of fog {unknown}
 z - 2 scrolls of remove curse {unknown}
 A - a scroll of fear {unknown}
 H - a scroll of acquirement {unknown}
 I - 3 scrolls of magic mapping {unknown}
Potions
 d - a potion of might
 g - a potion of flight {unknown}
 h - 2 potions of agility
 i - 2 potions of brilliance {unknown}
 j - 2 potions of lignification {unknown}
 m - a potion of ambrosia {unknown}
 o - a potion of haste {unknown}
 p - 2 potions of magic
 u - 2 potions of resistance {unknown}
 w - a potion of invisibility {unknown}
 E - a potion of degeneration {unknown}
 G - a potion of cancellation {unknown}
 J - 2 potions of curing {unknown}
Comestibles
 f - 13 rations


   Skills:
 - Level 2.4 Fighting
 + Level 11.0 Maces & Flails
 - Level 2.9 Throwing
 - Level 2.4 Dodging
 - Level 2.4 Shields


You had 8 spell levels left.
You didn't know any spells.
Your spell library contained the following spells:

 Spells                   Type           Power        Failure   Level  Hunger
 Animate Skeleton         Necr           N/A          93%         1    ##.....
 Apportation              Tloc           #.....       93%         1    ##.....
 Confusing Touch          Hex            #.....       93%         1    ##.....
 Summon Small Mammal      Summ           #...         93%         1    ##.....


Dungeon Overview and Level Annotations

Branches:
Dungeon (7/15)             Temple (0/1) D:7

Altars:
Elyvilon
Hepliaklqana
Makhleb
Okawaru
Qazlal
Ru
Vehumet
Xom

Shops:
D:7 }=(?

Annotations:
D:7 1 transporter


Innate Abilities, Weirdness & Mutations

You are too large for most types of armour.
You have claws for hands.
Your metabolism is lightning-fast.
You like to eat raw meat.
Your natural rate of healing is unusually fast.
You are covered in fur. (AC +1)
You have extremely tough skin. (AC +3)


Message History

The ufetubus splashes around in the water.
The ice devil hits you! The ice devil freezes you!
The ufetubus hits you but does no damage.
You block the ufetubus's attack.
You are too injured to fight recklessly!
You feel very mighty all of a sudden.
The kobold demonologist is no longer covered in acid.
The orc priest casts a cantrip, but nothing happens.
The ufetubus hits you. You block the ufetubus's attack.
The ufetubus hits you but does no damage. x2
You block the ufetubus's attack.
The ufetubus hits you but does no damage.
The ice devil hits you! The ice devil freezes you!!
* * * LOW HITPOINT WARNING * * *
It was a potion of agility.
You feel agile all of a sudden.
The ynoxinul disappears in a puff of smoke!
The ufetubus disappears in a puff of smoke! x7
The ice devil hits you.
You die...

#######.....#.≈...≈.#.#.#
.........##.#o≈P≈P≈.#.#.#
########.##.#o≈≈♣≈≈5#.#.#
#.##.#o≈≈≈P≈K#.#.#
#.##.#K≈§§.≈§#.#.#####
#.##.#5≈§5§≈5#.#.....####
#.##.####4####.##.......#
#.##.#≈.4§§.≈#.##.##(##.#
#.##.#8≈.@§≈8#....##.##.##
#####.##.#########.#..........
#.....##.....©.....##.##.##.##
#.#########.....#####.##.##.#
#.# ### #.#.#.# #...>...# #.#
##.## #.#...## ####.####
#.###.#.###......#######.#
####.##.###.#...............#
.......## ##...###..#########


You could see an ice devil, a rust devil, 2 kobold demonologists, 3 orc priests,
2 quasits and 2 shadow imps.

Vanquished Creatures
  A spriggan (D:7)
  Duvessa (D:6)
  An ice beast (D:7)
  2 sky beasts (D:6)
  2 ogres
  A centaur (D:7)
  3 bullfrogs (D:6)
  Dowan (D:6)
  3 scorpions
  4 howler monkeys (D:7)
  2 crimson imps
  2 jellies
  A centaur skeleton (D:4)
  2 hounds
  3 orc priests
  8 orc wizards
  Jessica (D:2)
  2 iguanas
  Natasha (thrice) (D:2)
  2 worker ants
  A hound skeleton (D:5)
  2 worker ant zombies
  4 gnolls (D:4)
  10 adders
  2 shadow imps
  2 oozes (D:1)
  2 adder skeletons
  4 worms
  2 dart slugs
  5 leopard geckos
  23 orcs
  6 giant cockroaches
  11 goblins
  12 hobgoblins
  13 jackals
  2 quokkas
  3 ball pythons
  11 bats
  14 frilled lizards
  4 kobolds
  2 quokka skeletons
  6 rats
  4 plants (D:7)
190 creatures vanquished.

Vanquished Creatures (others)
  A quasit (D:7)
1 creature vanquished.

Grand Total: 191 creatures vanquished

Notes
Turn   | Place    | Note
-------+----------+-------------------------------------------
     0 | D:1      | davaitedunem the Troll Fighter began the quest for the Orb.
     0 | D:1      | Reached XP level 1. HP: 22/22 MP: 0/0
    26 | D:1      | Reached skill level 2 in Maces & Flails
    46 | D:1      | Reached XP level 2. HP: 28/29 MP: 1/1
   189 | D:1      | Reached skill level 3 in Maces & Flails
   395 | D:1      | Reached XP level 3. HP: 35/36 MP: 2/2
   844 | D:2      | Reached skill level 4 in Maces & Flails
   844 | D:2      | Reached XP level 4. HP: 39/44 MP: 3/3
   971 | D:2      | Noticed Natasha
   995 | D:2      | Killed Natasha
  1120 | D:2      | Noticed Natasha
  1126 | D:2      | Killed Natasha
  1126 | D:2      | Reached XP level 5. HP: 45/50 MP: 4/4
  1145 | D:2      | Noticed Jessica
  1152 | D:2      | Killed Jessica
  1152 | D:2      | Reached skill level 5 in Maces & Flails
  1379 | D:2      | Noticed Natasha
  1399 | D:2      | Killed Natasha
  1966 | D:3      | Found a white marble altar of Elyvilon.
  1969 | D:3      | Reached XP level 6. HP: 59/59 MP: 5/5
  2074 | D:3      | Reached skill level 6 in Maces & Flails
  2271 | D:3      | Found a faded altar of an unknown god.
  2823 | D:4      | Reached skill level 1 in Throwing
  2921 | D:4      | Reached XP level 7. HP: 36/66 MP: 6/6
  3129 | D:4      | Found a sacrificial altar of Ru.
  3300 | D:4      | Reached skill level 7 in Maces & Flails
  3357 | D:5      | Entered Level 5 of the Dungeon
  3876 | D:5      | Reached skill level 8 in Maces & Flails
  3949 | D:5      | Reached XP level 8. HP: 61/74 MP: 7/7
  4550 | D:6      | Found a radiant altar of Vehumet.
  4553 | D:6      | Found a sacrificial altar of Ru.
  4555 | D:6      | Found a stormy altar of Qazlal.
  4587 | D:6      | Noticed Duvessa
  4590 | D:6      | Noticed Dowan
  4602 | D:6      | Killed Duvessa
  4602 | D:6      | Reached skill level 9 in Maces & Flails
  4620 | D:6      | Killed Dowan
  5005 | D:6      | Reached skill level 10 in Maces & Flails
  5157 | D:6      | Found a shimmering altar of Xom.
  5167 | D:6      | Found a hazy altar of Hepliaklqana.
  5350 | D:7      | Found Qaesuif's Jewellery Shoppe.
  5369 | D:7      | Found Teahuh's Gadget Shoppe.
  5429 | D:7      | Found an iron altar of Okawaru.
  5431 | D:7      | Found a burning altar of Makhleb.
  5439 | D:7      | Became a worshipper of Makhleb the Destroyer
  5534 | D:7      | Found Nuv Vasi's Magic Scroll Emporium.
  5549 | D:7      | Reached XP level 9. HP: 74/80 MP: 8/8
  5604 | D:7      | Found a transporter.
  5616 | D:7      | Noticed a kobold demonologist
  5621 | D:7      | Noticed a kobold demonologist
  5659 | D:7      | Found a transporter.
  5817 | D:7      | Found Daobagh's Weapon Boutique.
  6060 | D:7      | Found a staircase to the Ecumenical Temple.
  6208 | D:7      | Reached skill level 11 in Maces & Flails
  6211 | D:7      | Noticed an ice devil
  6214 | D:7      | Noticed a rust devil
  6221 | D:7      | Slain by an ice devil

Skill      XL: |  1  2  3  4  5  6  7  8  9 |
---------------+----------------------------+-----
Maces & Flails | 2 3 4 5 6 8 10 11 | 11.0
Throwing       | 2 |  2.9
Fighting       | |  2.4
Dodging        | |  2.4
Shields        | |  2.4

Action                   |  1- 3 |  4- 6 |  7- 9 || total
-------------------------+-------+-------+-------++-------
Melee: Flail             |   154 |   253 |   299 ||   706
       Morningstar       |       |       |    96 ||    96
Throw: Tomahawk          |       |    47 |    13 ||    60
Evoke: Wand              |       |       |    15 ||    15
  Use: Potion            |       |       |     6 ||     6
       Scroll            |       |       |     6 ||     6
 Stab: Sleeping          |       |     1 |       ||     1
       Paralysed         |       |       |     3 ||     3
  Eat: Chunk             |    13 |    21 |    27 ||    61
Armor: Robe              |    60 |   112 |   110 ||   282
Dodge: Dodged            |    61 |   108 |   122 ||   291
Block: Shield            |    78 |   120 |   178 ||   376
